 Dungeon Crawl Stone Soup version 0.31-a0-1300-gb6740aa4e6 (webtiles) character file.

Game seed: 16786323454849047686

1531 zazu2006 the Stinger (level 8, -7/64 HPs)
             Began as a Gnoll Wanderer on Dec 19, 2023.
             Was an Initiate of Vehumet.
             Mangled by an ogre
             ... wielding a +0 giant spiked club
              (39 damage)
             ... on level 6 of the Dungeon.
             The game lasted 00:16:49 (5834 turns).

zazu2006 the Stinger (Gnoll Wanderer)               Turns: 5834, Time: 00:16:49

Health: -7/64      AC:  3    Str: 10    XL:     8   Next: 85%
Magic:  13/15      EV: 13    Int: 16    God:    Vehumet [......]
Gold:   343        SH:  0    Dex: 11    Spells: 15/16 levels left

rFire   + . .        t - +4 quarterstaff (chaos)
rCold   . . .        (shield currently unavailable)
rNeg    . . .        b - +0 robe
rPois   .            r - +0 helmet
rElec   .            s - scarf {repulsion}
rCorr   .            (no gloves)
SInv    .            (no boots)
Will    .....        i - amulet of regeneration
Stlth   +++          m - ring of wizardry
HPRegen 1.10/turn    x - ring of protection from fire
MPRegen 0.14/turn

%: repel missiles, wizardry (x1)
@: no status effects
A: fangs 1, strong nose, distributed training
a: Renounce Religion


You were on level 6 of the Dungeon.
You worshipped Vehumet.
Vehumet was noncommittal.
You visited 2 branches of the dungeon, and saw 7 of its levels.
You also visited: Sewer.

You collected 403 gold pieces.
You spent 60 gold pieces at shops.

Inventory:

Hand Weapons
 t - a +4 quarterstaff of chaos (weapon)
Armour
 b - a +0 robe (worn)
 r - a +0 helmet (worn)
 s - a scarf of repulsion (worn)
 u - a +0 cloak
Jewellery
 i - an amulet of regeneration (around neck)
 m - a ring of wizardry (left hand)
 x - a ring of protection from fire (right hand)
Wands
 a - a wand of paralysis (18)
 o - a wand of roots (7)
 p - a wand of quicksilver (11)
Scrolls
 f - a scroll of teleportation {unknown}
 j - 2 scrolls of revelation {unknown}
 l - a scroll of poison {unknown}
 n - a scroll of enchant weapon {unknown}
 q - a scroll of noise {unknown}
 v - 2 scrolls of blinking {unknown}
Potions
 c - 2 potions of lignification
 d - 4 potions of enlightenment
 e - a potion of attraction
 g - 4 potions of heal wounds
 h - 2 potions of magic
 k - 2 potions of curing
 w - a potion of brilliance {unknown}
 z - a potion of cancellation
 A - a potion of mutation


   Skills:
 + Level 6.0 Fighting
 + Level 3.7 Short Blades
 + Level 3.7 Long Blades
 + Level 3.7 Axes
 + Level 3.7 Maces & Flails
 + Level 3.7 Polearms
 + Level 3.7 Staves
 + Level 3.7 Ranged Weapons
 + Level 3.7 Throwing
 + Level 3.7 Armour
 + Level 3.7 Dodging
 + Level 5.6 Stealth
 + Level 3.7 Shields
 + Level 3.7 Unarmed Combat
 + Level 4.7 Spellcasting
 + Level 3.0 Conjurations
 + Level 3.0 Hexes
 + Level 3.0 Summonings
 + Level 3.0 Necromancy
 + Level 3.0 Translocations
 + Level 4.9 Transmutations
 + Level 3.0 Fire Magic
 + Level 3.0 Ice Magic
 + Level 3.0 Air Magic
 + Level 3.0 Earth Magic
 + Level 6.3 Poison Magic
 + Level 4.1 Invocations
 + Level 3.7 Evocations
 + Level 3.3 Shapeshifting


You had 15 spell levels left.
You knew the following spells:

 Your Spells              Type           Power      Damage    Failure   Level
a - Sting                 Tmut/Pois      84%        1d7       1%          1

Your spell library contained the following spells:

 Spells                   Type           Power      Damage    Failure   Level
 Cigotuvi's Dreadful Rot  Necr/Pois/Air  34%        N/A       1%          2
 Passwall                 Tmut/Erth      13%        N/A       1%          2
 Wereblood                Tmut           19%        N/A       1%          2
 Ignite Poison            Fire/Tmut/Pois 19%        N/A       2%          3
 Animate Armour           Summ/Erth      26%        N/A       17%         4
 Summon Lightning Spire   Summ/Air       13%        N/A       17%         4
 Lee's Rapid Deconstruct  Erth           6%         3d6*      43%         5


Dungeon Overview and Level Annotations

Branches:
Dungeon (6/15)             Temple (1/1) D:6           Sewer (visited)

Altars:
Ashenzari
Cheibriados
Dithmenos
Elyvilon
Gozag
Hepliaklqana
Kikubaaqudgha
Makhleb
Okawaru
Qazlal
Ru
Sif Muna
Trog
Uskayaw
Vehumet
Wu Jian
Yredelemnul
Zin
The Shining One

Shops:
D:5 ?


Innate Abilities, Weirdness & Mutations

You have very sharp teeth.
Your uncanny sense of smell can sniff out nearby items.
Your experience applies equally to all skills.


Message History

Found a falchion.
Things that are here:
a +0 dagger; 5 stones
a - a wand of paralysis (18) (gained 9 charges)
Found a dagger.
An ogre comes into view. It is wielding a +0 giant spiked club.
The ogre shouts!
An ogre is nearby!
Casting: Sting (safe; 1% risk of failure)
Confirm with . or Enter, or press ? or * to list all spells.
You can't see any susceptible monsters within range! (Use Z to cast anyway.)
Casting: Sting (safe; 1% risk of failure)
Confirm with . or Enter, or press ? or * to list all spells.
You can't see any susceptible monsters within range! (Use Z to cast anyway.) Unknown command.
Casting: Sting (safe; 1% risk of failure)
Confirm with . or Enter, or press ? or * to list all spells.
Aiming: Sting (safe; 1% risk of failure)
Press: ? - help, Shift-Dir - straight line, f - ogre
Aim: an ogre, wielding a +0 giant spiked club (89% to hit)
The sting hits the ogre.
The ogre is poisoned.
The ogre is lightly wounded.
Unknown command.
Casting: Sting (safe; 1% risk of failure)
Confirm with . or Enter, or press ? or * to list all spells.
Aiming: Sting (safe; 1% risk of failure)
Press: ? - help, Shift-Dir - straight line, f/p - ogre
Aim: an ogre, wielding a +0 giant spiked club (moderately wounded, poisoned, 89% to hit)
The sting hits the ogre.
The ogre looks even sicker.
The ogre is moderately wounded.
Unknown command.
You hit the ogre.
The ogre seems to grow stronger.
The ogre is heavily wounded.
The ogre hits you with a +0 giant spiked club!!
Ouch! That really hurt!
You hit the ogre. Your bite misses the ogre.
The ogre is severely wounded.
The ogre hits you with a +0 giant spiked club!!!
Ouch! That really hurt!
You die...

#.......# ..##....#......
##. ............... ..
#..............##.. #.#
#................. ..##.
#.#...... #....... #.....
#.#...... #......##......
.....##.. #....O..#..)...
..........#.....@........
............##...?.......
...##.##.......^...#.....
....#..##.#........#.....
....#.....#..........# .
...##.##..#.......##.##.
...#..............# .... .#
...........#.....###..#....
#.........###........)##...


You could see an ogre (strong, very poisoned).

Vanquished Creatures
  Edmund (D:5)
  A black bear (D:6)
  An ogre (D:5)
  3 phantoms (D:5)
  2 kobold brigands
  2 scorpions
  A hound (D:5)
  A jelly (D:5)
  4 orc priests
  Crazy Yiuf (D:3)
  Ijyb (D:3)
  A scorpion zombie (D:3)
  2 iguanas
  Natasha (twice) (D:2)
  4 orc wizards
  A hound skeleton (D:3)
  Robin (D:3)
  4 gnolls
  7 adders
  3 river rats
  A white imp (D:6)
  An adder zombie (D:3)
  A dart slug (D:1)
  11 orcs
  6 ball pythons
  6 endoplasms
  9 giant cockroaches
  8 hobgoblins
  11 jackals
  4 quokkas
  5 bats
  5 frilled lizards
  13 goblins
  12 kobolds
  3 quokka skeletons (D:3)
  26 rats
165 creatures vanquished.

Notes
Turn   | Place    | Note
-------+----------+-------------------------------------------
     0 | D:1      | zazu2006 the Gnoll Wanderer began the quest for the Orb.
     0 | D:1      | zazu2006 set off with the following items: a +0 club, a +0
                  | robe, 2 potions of lignification; and the following spell
                  | memorised: Sting; and the following spells available to
                  | memorise: Wereblood, Cigotuvi's Dreadful Rot, Passwall,
                  | Ignite Poison.
     0 | D:1      | Reached XP level 1. HP: 20/20 MP: 4/4
   101 | D:1      | Reached XP level 2. HP: 26/26 MP: 1/5
   519 | D:1      | You fall into a shaft and drop 1 floor!
   660 | D:2      | Reached XP level 3. HP: 31/31 MP: 4/7
   964 | D:1      | Reached skill level 1 in Invocations
  1244 | D:1      | Reached skill level 1 in Short Blades
  1244 | D:1      | Reached skill level 1 in Long Blades
  1244 | D:1      | Reached skill level 1 in Axes
  1244 | D:1      | Reached skill level 1 in Maces & Flails
  1244 | D:1      | Reached skill level 1 in Polearms
  1244 | D:1      | Reached skill level 1 in Staves
  1244 | D:1      | Reached skill level 1 in Ranged Weapons
  1244 | D:1      | Reached skill level 1 in Throwing
  1244 | D:1      | Reached skill level 1 in Armour
  1244 | D:1      | Reached skill level 1 in Dodging
  1244 | D:1      | Reached skill level 1 in Shields
  1244 | D:1      | Reached skill level 1 in Unarmed Combat
  1244 | D:1      | Reached skill level 1 in Evocations
  1529 | D:2      | Noticed Natasha
  1535 | D:2      | Killed Natasha
  1536 | D:2      | Reached skill level 1 in Shapeshifting
  1536 | D:2      | Reached XP level 4. HP: 20/38 MP: 2/8
  1700 | D:2      | Found a faded altar of an unknown god.
  1789 | D:2      | Noticed Natasha
  1799 | D:2      | Killed Natasha
  1800 | D:2      | Reached skill level 1 in Conjurations
  1800 | D:2      | Reached skill level 1 in Hexes
  1800 | D:2      | Reached skill level 1 in Summonings
  1800 | D:2      | Reached skill level 1 in Necromancy
  1800 | D:2      | Reached skill level 1 in Translocations
  1800 | D:2      | Reached skill level 1 in Fire Magic
  1800 | D:2      | Reached skill level 1 in Ice Magic
  1800 | D:2      | Reached skill level 1 in Air Magic
  1800 | D:2      | Reached skill level 1 in Earth Magic
  2199 | D:3      | Noticed Ijyb
  2208 | D:3      | Killed Ijyb
  2209 | D:3      | Reached XP level 5. HP: 27/43 MP: 1/9
  2523 | D:3      | Found a glowing golden altar of the Shining One.
  2582 | D:3      | Noticed Robin
  2701 | D:3      | Killed Robin
  2714 | D:3      | Reached XP level 6. HP: 46/50 MP: 1/10
  3029 | D:3      | Found a runed translucent door.
  3030 | D:3      | Noticed Crazy Yiuf
  3205 | D:3      | Found a sacrificial altar of Ru.
  3508 | D:3      | Killed Crazy Yiuf
  3578 | D:4      | Found an iron altar of Okawaru.
  3690 | D:4      | Reached skill level 5 in Fighting
  4118 | D:4      | Found a shadowy altar of Dithmenos.
  4161 | D:4      | HP: 2/76 [orc priest/divine providence (13)]
  4163 | D:4      | Reached XP level 7. HP: 4/56 MP: 10/12
  4492 | D:5      | Entered Level 5 of the Dungeon
  4726 | D:5      | Reached skill level 5 in Stealth
  4760 | D:5      | Found a burning altar of Makhleb.
  4767 | D:5      | Noticed Edmund
  4806 | D:5      | Reached XP level 8. HP: 32/63 MP: 14/14
  4848 | D:5      | Killed Edmund
  4936 | D:5      | Found Razoner's Magic Scroll Emporium.
  4944 | D:5      | Bought 3 scrolls of identify for 60 gold pieces
  4995 | D:5      | Found a shimmering blue altar of Sif Muna.
  4995 | D:5      | Found a hazy altar of Hepliaklqana.
  5324 | D:6      | Found a glowing drain.
  5350 | Sewer    | Entered a sewer
  5495 | Sewer    | Found a glowing silver altar of Zin.
  5642 | D:6      | Found an ancient bone altar of Kikubaaqudgha.
  5717 | D:6      | Found a staircase to the Ecumenical Temple.
  5723 | Temple   | Entered the Ecumenical Temple
  5730 | Temple   | Became a worshipper of Vehumet
  5834 | D:6      | Mangled by an ogre

Illustrated notes

Levels and vault maps discovered:
D:1:      wheals_arrival_shading, layout_loops_corners
D:2:      layout_loops_cross, shapermc_ecumenical_altar_notcrosses, uniq_natasha
D:3:      layout_loops_ring, nicolae_ru_the_path_less_chosen,
          old_standard_altar, serial_undead, serial_undead_d, serial_undead_c,
          serial_undead_d, serial_undead_f, uniq_ijyb, uniq_robin,
          uniq_crazy_yiuf_cottage
D:4:      layout_loops_ring, okawaru_gym_becter,
          mainiacjoe_overflow_surrounded_room, minmay_rat_hole
D:5:      layout_basic, mainiacjoe_overflow_small_starburst,
          gammafunk_temple_overflow_wave, serial_shops, shop,
          dreamdust_wishing_well, mrwooster_statue_mirror, st_stairs_6,
          uniq_edmund
D:6:      layout_cave_pools, tgw_kikubaaqudgha,
          minmay_temple_entry_proselytizer, gup_sewer_entry_bubbles
Temple:   nicolae_temple_ecumenical_triangle

Skill      XL: |  1  2  3  4  5  6  7  8 |
---------------+-------------------------+-----
Invocations    | 1 2 3 4 |  4.1
Short Blades   | 1 2 3 |  3.7
Long Blades    | 1 2 3 |  3.7
Axes           | 1 2 3 |  3.7
Maces & Flails | 1 2 3 |  3.7
Polearms       | 1 2 3 |  3.7
Staves         | 1 2 3 |  3.7
Ranged Weapons | 1 2 3 |  3.7
Throwing       | 1 2 3 |  3.7
Armour         | 1 2 3 |  3.7
Dodging        | 1 2 3 |  3.7
Shields        | 1 2 3 |  3.7
Unarmed Combat | 1 2 3 |  3.7
Evocations     | 1 2 3 |  3.7
Spellcasting   | 3 4 |  4.7
Shapeshifting  | 1 2 3 |  3.3
Conjurations   | 1 2 3 |  3.0
Hexes          | 1 2 3 |  3.0
Summonings     | 1 2 3 |  3.0
Necromancy     | 1 2 3 |  3.0
Translocations | 1 2 3 |  3.0
Fire Magic     | 1 2 3 |  3.0
Ice Magic      | 1 2 3 |  3.0
Air Magic      | 1 2 3 |  3.0
Earth Magic    | 1 2 3 |  3.0
Transmutations | 4 |  4.9
Fighting       | 5 6 |  6.0
Stealth        | 5 |  5.6
Poison Magic   | 6 |  6.3

Action                     |  1- 3 |  4- 6 |  7- 9 || total
---------------------------+-------+-------+-------++-------
  Melee: Club              |    15 |    70 |       ||    85
         Bite              |       |    13 |    12 ||    25
         Punch             |       |     4 |       ||     4
         Quarterstaff      |       |    64 |   186 ||   250
   Cast: Sting             |    58 |    87 |    43 ||   188
  Evoke: Wand              |       |       |     1 ||     1
    Use: Potion            |       |     1 |       ||     1
         Scroll            |       |       |     8 ||     8
   Stab: Sleeping          |       |     3 |     1 ||     4
 Armour: Robe              |    24 |   108 |   151 ||   283
         Skin              |       |     3 |     6 ||     9
  Dodge: Dodged            |    26 |   103 |   146 ||   275
         Repelled          |       |       |     1 ||     1

Table legend: (Time is in decaauts)
 A = Elapsed time spent in this place.
 B = Non-inter-level travel time spent in this place.
 C = Inter-level travel time spent in this place.
 D = Time resting spent in this place.
 E = Time spent auto-exploring this place.
 F = Levels seen in this place.
 G = Mean time per level.
                   A        B        C        D        E       F      G
               +--------+--------+--------+--------+--------+-----+--------+
         Total |   5953 |   5840 |    113 |     46 |   4447 |   8 |  744.1 |
       Dungeon |   5729 |   5623 |    106 |     46 |   4279 |   6 |  954.8 |
        Temple |     14 |      7 |      7 |      0 |      0 |   1 |   14.0 |
         Sewer |    209 |    209 |      0 |      0 |    167 |   1 |  209.0 |
               +--------+--------+--------+--------+--------+-----+--------+

Top non-repeatable levels by time:
     D:3: 1365 daAuts
     D:1: 1206 daAuts
     D:2: 1005 daAuts
     D:4: 959 daAuts
     D:5: 747 daAuts
     D:6: 445 daAuts
   Sewer: 209 daAuts
  Temple: 14 daAuts
